 Dungeon Crawl Stone Soup version 0.27.1-2-g3b301248ec (webtiles) character file.

Game seed: 7076277770401226583

84 Kinoniko the Chopper (level 4, 0/52 HPs)
             Began as a Demonspawn Berserker on Oct 5, 2021.
             Was a Follower of Trog.
             Slain by an iguana (8 damage)
             ... on level 3 of the Dungeon.
             The game lasted 00:01:36 (2740 turns).

Kinoniko the Chopper (Demonspawn Berserker)         Turns: 2740, Time: 00:01:36

Health: 0/52       AC:  5    Str: 18    XL:     4   Next: 23%
Magic:  4/4        EV: 11    Int:  9    God:    Trog [*.....]
Gold:   116        SH:  0    Dex: 12    Spells: 3/3 levels left

rFire    . . .     SeeInvis .   h - +0 war axe
rCold    . . .     Faith    .   (no shield)
rNeg     + . .     Spirit   .   g - +0 ring mail
rPois    .         Reflect  .   (helmet restricted)
rElec    .         Harm     .   (no cloak)
rCorr    .         Rampage  .   (no gloves)
Will     .....                  (no boots)
Stlth    ..........             (no amulet)
HPRegen  0.17/turn              i - ring of positive energy
MPRegen  0.18/turn              (no ring)

@: berserking, very quick
A: antennae 1, magic regeneration
a: Renounce Religion, Berserk


You were on level 3 of the Dungeon.
You worshipped Trog.
Trog was aware of your devotion.
You visited 1 branch of the dungeon, and saw 3 of its levels.

You collected 116 gold pieces.

Inventory:

Hand Weapons
 a - a +0 hand axe
 h - a +0 war axe (weapon)
Armour
 g - a +0 ring mail (worn)
Jewellery
 i - a ring of positive energy (left hand)
Scrolls
 c - a scroll of blinking {unknown}
 d - a scroll of identify {unknown}
 e - a scroll of vulnerability {unknown}
Potions
 b - a potion of curing {unknown}
 f - a potion of attraction {unknown}
 j - a potion of cancellation {unknown}


   Skills:
 - Level 3.0 Fighting
 * Level 4.6 Axes
 - Level 1.7 Armour
 - Level 1.7 Dodging


You had 3 spell levels left.
You didn't know any spells.
Your spell library was empty.

Dungeon Overview and Level Annotations

Branches:
Dungeon (3/15)

Altars:


Innate Abilities, Weirdness & Mutations

You have a pair of small antennae on your head.
You regenerate magic rapidly.


Message History

An iguana comes into view.
The iguana hisses angrily.
An endoplasm comes into view.
The endoplasm quivers.
The iguana bites you!
You hit the iguana.
The iguana is moderately wounded.
The iguana bites you!
You are too injured to fight recklessly!
You are too injured to fight recklessly!
You are too injured to fight recklessly!
You are too injured to fight recklessly!
You are too injured to fight recklessly!
You are too injured to fight recklessly!
You are too injured to fight recklessly!
You are too injured to fight recklessly!
You are too injured to fight recklessly!
You are too injured to fight recklessly!
You are too injured to fight recklessly!
You are too injured to fight recklessly!
You are too injured to fight recklessly!
You are too injured to fight recklessly!
Unknown command.
Unknown command.
A red film seems to cover your vision as you go berserk!
You feel yourself moving faster!
You feel mighty! The iguana bites you!
* * * LOW HITPOINT WARNING * * *
You slash the iguana!
The iguana is almost dead.
The iguana bites you but does no damage.
You closely miss the iguana.
The iguana is almost dead.
You slash the endoplasm!
You kill the endoplasm!
Trog accepts your kill.
The iguana bites you but does no damage.
Your ring mail prevents you from hitting the iguana.
The iguana is almost dead.
The iguana bites you!
You die...

#...#.##.#..♣♣♣...
#.....##.#.......#
#........###.##.##
####.#######
#.##... #.......#
#...... #.#..##.#
###..†. #.#.## #
#.... #.#.^# ##.†.
..#@.# ##.#
.......l.......
#<#
......[..#####.
#.# ####.##..# #.#
#. #..# #.# . ...#
#.. # .#.# ### .
.#


You could see an iguana.

Vanquished Creatures
  Terence (D:2)
  2 adders
  2 worms (D:2)
  7 endoplasms
  2 giant cockroaches (D:1)
  3 goblins
  2 hobgoblins (D:1)
  3 jackals (D:1)
  A quokka (D:1)
  2 ball pythons
  2 bats (D:2)
  3 frilled lizards
  2 kobolds
  2 rats
34 creatures vanquished.

Notes
Turn   | Place    | Note
-------+----------+-------------------------------------------
     0 | D:1      | Kinoniko the Demonspawn Berserker began the quest for the
                  | Orb.
     0 | D:1      | Reached XP level 1. HP: 18/18 MP: 1/1
   102 | D:1      | Found a faded altar of an unknown god.
   124 | D:1      | Reached skill level 3 in Axes
   588 | D:1      | Gained mutation: You regenerate magic rapidly. [demonic
                  | ancestry]
   588 | D:1      | Reached XP level 2. HP: 18/24 MP: 2/2
  1737 | D:2      | Noticed Terence
  1743 | D:2      | Killed Terence
  1744 | D:2      | Reached skill level 4 in Axes
  1744 | D:2      | Gained mutation: You have a pair of small antennae on your
                  | head. [demonic ancestry]
  1744 | D:2      | Reached XP level 3. HP: 29/29 MP: 3/3
  2067 | D:2      | Reached XP level 4. HP: 20/35 MP: 4/4
  2740 | D:3      | Slain by an iguana

Illustrated notes

Levels and vault maps discovered:
D:1:      psy_arrival_conway, layout_loops_corners,
          chequers_ecumenical_altar_simple
D:2:      layout_rooms, serial_curves, eino_curves_02, eino_curves_02,
          uniq_terence
D:3:      layout_loops_cross, minmay_stone_trees_small

Skill      XL: |  1  2 |
---------------+-------+-----
Axes           | 3 4 |  4.6
Fighting       | |  3.0
Armour         | |  1.7
Dodging        | |  1.7

Action                   |  1- 3 |  4- 6 || total
-------------------------+-------+-------++-------
Melee: Hand axe          |   100 |       ||   100
       War axe           |       |    15 ||    15
Invok: Berserk           |     2 |     2 ||     4
 Stab: Sleeping          |     1 |       ||     1
Armor: Animal skin       |     5 |       ||     5
       Leather armour    |    13 |       ||    13
       Ring mail         |    16 |     9 ||    25
Dodge: Dodged            |    62 |     9 ||    71
